[Event "Titled Tuesday Blitz November 07 Early 2023"]
[White "Ozates, Tuna"]
[Black "Grigoriants, Sergey"]
[WhiteFideId "6354521"]
[BlackFideId "4130804"]
[WhiteElo "2609"]
[BlackElo "2935"]
[Result "0-1"]
[Round "5"]
[TimeControl "180+1"]
[Date "2023.11.07"]
[WhiteClock "0:00:00"]
[BlackClock "0:00:07"]
[Board "66"]

1. e4 e6 2. d4 d5 3. Nd2 c5 4. exd5 Qxd5 5. dxc5 Bxc5 6. Ngf3 Nf6 7. Bb5+ Bd7 8. Bxd7+ Nbxd7 9. O-O O-O 10. c4 Qf5 11. Qe2 Rad8 12. Nb3 Bb6 13. Be3 h6 14. Rad1 Rc8 15. Bxb6 Nxb6 16. c5 Na4 17. Nfd4 Qe4 18. Qb5 Nxb2 19. Rd2 a6 20. Qb4 Nd3 21. Qc3 Nf4 22. f3 Qe5 23. g3 N4d5 24. Qd3 Rfd8 25. Re2 Qc7 26. Rc1 Ne7 27. Qc4 Rd5 28. Nc2 Nc6 29. Ne3 Rd7 30. Ng2 Rcd8 31. Rce1 Nd5 32. f4 Nde7 33. Nh4 Rd5 34. f5 Nxf5 35. Nf3 Nfd4 36. Nfxd4 Nxd4 37. Rf2 Nxb3 38. Qxb3 Rxc5 39. Ref1 Rd7 40. Qb2 Qe5 41. Qb4 Rdc7 42. Qd2 f5 43. Qd8+ Kh7 44. Qd2 Qe4 45. Re2 Qd5 46. Qe1 Rc2 47. Rxc2 Rxc2 48. Rf2 Qd4 0-1


[Site "https://www.chess.com"]

[Event "Titled Tuesday Blitz November 07 Early 2023"]
[White "Souleidis, Georgios"]
[Black "Harsh Suresh"]
[WhiteFideId "4206827"]
[BlackFideId "45018464"]
[WhiteElo "2607"]
[BlackElo "2933"]
[Result "0-1"]
[Round "5"]
[TimeControl "180+1"]
[Date "2023.11.07"]
[WhiteClock "0:00:00"]
[BlackClock "0:00:07"]
[Board "67"]

1. e4 e5 2. Nc3 Nf6 3. d4 exd4 4. Qxd4 Nc6 5. Qd3 Bc5 6. Bf4 d6 7. Qd2 Be6 8. f3 a6 9. O-O-O h6 10. Kb1 Qd7 11. Nge2 O-O-O 12. Nc1 g5 13. Be3 Bxe3 14. Qxe3 Rhe8 15. Qf2 Kb8 16. Nb3 Qe7 17. h4 Nd7 18. hxg5 hxg5 19. Nd4 Nxd4 20. Qxd4 Ne5 21. Be2 Rh8 22. Qb4 c5 23. Qb6 Qc7 24. Qxc7+ Kxc7 25. g3 Ng6 26. a4 Kd7 27. b3 Ke7 28. Kc1 Kf6 29. Kd2 Kg7 30. Ke3 f5 31. Rxh8 f4+ 32. gxf4 gxf4+ 33. Kf2 Nxh8 34. e5 d5 35. Ne4 b6 36. Rg1+ Kf8 37. Nf6 Bf5 38. Bd3 Bxd3 39. cxd3 Kf7 40. Nh5 Ng6 41. Rg4 Nxe5 42. Rxf4+ Ke7 43. Ke2 Rh8 44. Rf5 Kd6 45. f4 Nc6 46. Rf6+ Kd7 47. Ng3 b5 48. axb5 Nd4+ 49. Ke3 axb5 50. f5 Nxb3 51. Ra6 Nd4 52. Kf4 Rh4+ 53. Ke5 Nc6+ 54. Kf6 b4 55. Kg5 Rh3 56. Kg4 Rh8 57. f6 b3 58. Rb6 Rb8 59. Rxb8 Nxb8 60. Ne2 b2 61. Nc3 d4 62. Nb1 Ke6 63. Kg5 Nd7 64. f7 Kxf7 65. Kf5 Ke7 66. Na3 Kd6 67. Ke4 Nb6 68. Kf3 Na4 69. Kf4 Kd5 0-1


[Site "https://www.chess.com"]

[Event "Titled Tuesday Blitz November 07 Early 2023"]
[White "Rostovtsev, Dmitry"]
[Black "Golubev, Mikhail"]
[WhiteFideId "34278320"]
[BlackFideId "14100983"]
[WhiteElo "2929"]
[BlackElo "2606"]
[Result "1-0"]
[Round "5"]
[TimeControl "180+1"]
[Date "2023.11.07"]
[WhiteClock "0:01:39"]
[BlackClock "0:00:01"]
[Board "68"]

1. d4 Nf6 2. c4 g6 3. Nc3 Bg7 4. e4 d6 5. f4 O-O 6. Nf3 c5 7. d5 e6 8. e5 Ne8 9. Be3 exd5 10. cxd5 Bg4 11. h3 Bxf3 12. Qxf3 dxe5 13. Bxc5 Nd6 14. O-O-O Re8 15. fxe5 Bxe5 16. Kb1 Nd7 17. Bxd6 Bxd6 18. Bb5 Ne5 19. Qf2 Rf8 20. h4 f5 21. h5 g5 22. h6 a6 23. Ba4 b5 24. Bc2 Qf6 25. Rdf1 Qe7 26. Bxf5 Kh8 27. Ne4 Rf7 28. Qd4 Raf8 29. g4 Kg8 30. Be6 Qxe6 31. dxe6 Rxf1+ 32. Rxf1 Rxf1+ 33. Kc2 1-0


[Site "https://www.chess.com"]

[Event "Titled Tuesday Blitz November 07 Early 2023"]
[White "Baskakov, Egor"]
[Black "Tasev, Dejan"]
[WhiteFideId "24197866"]
[BlackFideId "936618"]
[WhiteElo "2914"]
[BlackElo "2604"]
[Result "1-0"]
[Round "5"]
[TimeControl "180+1"]
[Date "2023.11.07"]
[WhiteClock "0:02:42"]
[BlackClock "0:00:44"]
[Board "69"]

1. e4 c5 2. Nf3 Nc6 3. Nc3 g6 4. d4 cxd4 5. Nxd4 Bg7 6. Nde2 d6 7. g3 Nf6 8. Bg2 O-O 9. h3 Bd7 10. O-O Rc8 11. a4 a6 12. Nd5 Nxd5 13. exd5 Ne5 14. Ra2 Be8 15. b3 Nd7 16. a5 Nf6 17. Be3 Bd7 18. Bb6 Qe8 19. c4 h5 20. Re1 Kh7 21. Nd4 Ng8 22. Rae2 f5 23. Ne6 Bxe6 24. Rxe6 Qd7 25. g4 hxg4 26. hxg4 Rf6 27. gxf5 gxf5 28. Qh5+ Rh6 29. Qxf5+ 1-0


[Site "https://www.chess.com"]

[Event "Titled Tuesday Blitz November 07 Early 2023"]
[White "Golizadeh, Asghar"]
[Black "Senthil Maran K"]
[WhiteFideId "12505269"]
[BlackFideId "25035681"]
[WhiteElo "2851"]
[BlackElo "2571"]
[Result "1-0"]
[Round "5"]
[TimeControl "180+1"]
[Date "2023.11.07"]
[WhiteClock "0:01:01"]
[BlackClock "0:02:05"]
[Board "70"]

1. e4 c6 2. Nf3 d5 3. exd5 cxd5 4. Ne5 Nc6 5. Bb5 Bd7 6. Nxd7 Qxd7 7. d4 Nf6 8. c3 e6 9. O-O Bd6 10. Re1 O-O 11. Nd2 a6 12. Bd3 b5 13. Nf3 Qc7 14. Bg5 Nd7 15. Bh4 Rab8 16. a3 Rfc8 17. Qe2 Nf8 18. Bg3 Bxg3 19. hxg3 Na5 20. g4 Nc4 21. g3 a5 22. Kg2 b4 23. axb4 axb4 24. b3 Nd6 25. c4 dxc4 26. bxc4 b3 27. Rab1 b2 28. c5 Ne8 29. Rxb2 Qd7 30. Reb1 Rxb2 31. Rxb2 Nf6 32. g5 Nd5 33. Ne5 Qc7 34. Qf3 Nb4 35. Rxb4 Ng6 36. Bxg6 hxg6 37. Rb7 1-0


[Site "https://www.chess.com"]

[Event "Titled Tuesday Blitz November 07 Early 2023"]
[White "OPQRC"]
[Black "Molina, Roberto Junio Brito"]
[BlackFideId "2109450"]
[WhiteElo "2556"]
[BlackElo "2796"]
[Result "0-1"]
[Round "5"]
[TimeControl "180+1"]
[Date "2023.11.07"]
[WhiteClock "0:00:04"]
[BlackClock "0:00:27"]
[Board "71"]

1. e4 c6 2. Nc3 d5 3. Nf3 dxe4 4. Nxe4 Bg4 5. Bc4 e6 6. h3 Bh5 7. Ng3 Bg6 8. d3 Nd7 9. Bd2 Ngf6 10. Qe2 Bd6 11. O-O-O Qc7 12. h4 h6 13. h5 Bh7 14. Ne4 Nxe4 15. dxe4 O-O-O 16. Kb1 Ne5 17. Bb3 Nxf3 18. gxf3 Bf4 19. Bc3 Be5 20. Qe3 a6 21. Bxe5 Qxe5 22. Qa7 Qb8 23. Qc5 Qc7 24. a4 Kb8 25. Rhg1 Rxd1+ 26. Rxd1 e5 27. Rd6 Re8 28. Bc4 f6 29. Bxa6 Rc8 30. Bd3 Bg8 31. a5 Bf7 32. Be2 Bxh5 33. Rd3 Be8 34. a6 b6 35. Rb3 Ka7 36. Qe3 c5 37. Rd3 Bb5 38. Rd5 Bc6 39. Rd2 Rd8 40. Rxd8 Qxd8 41. c3 Qd6 42. b3 h5 43. Kb2 h4 44. Bf1 Bd7 45. Qd3 Qxd3 46. Bxd3 h3 47. Bf1 h2 48. Bg2 Kxa6 49. Kc2 g5 50. Kd2 b5 51. b4 Kb6 52. Ke3 Bh3 53. Bh1 Bf1 54. Kd2 Kc6 55. Ke1 Bh3 56. Kd2 Kd6 57. Ke3 c4 58. Kd2 Ke6 59. Ke3 Kf7 60. Ke2 Kg6 61. Ke1 Kh5 62. Ke2 Kh4 63. Ke1 g4 64. Ke2 Kg5 65. Ke3 Bf1 66. fxg4 Kxg4 67. Kd2 Kh3 0-1


[Site "https://www.chess.com"]

[Event "Titled Tuesday Blitz November 07 Early 2023"]
[White "Demin, Vladimir"]
[Black "Liyanage, Ranindu Dilshan"]
[WhiteFideId "4167457"]
[BlackFideId "9915834"]
[WhiteElo "2550"]
[BlackElo "2781"]
[Result "1-0"]
[Round "5"]
[TimeControl "180+1"]
[Date "2023.11.07"]
[WhiteClock "0:00:03"]
[BlackClock "0:00:07"]
[Board "72"]

1. d4 d5 2. Nc3 e6 3. e4 Nf6 4. Bg5 Bb4 5. e5 h6 6. Bd2 Bxc3 7. bxc3 Ne4 8. Bc1 c5 9. Ne2 Qa5 10. f3 Nxc3 11. Qd2 cxd4 12. Nxd4 Nc6 13. Nb3 Qb4 14. a3 Qh4+ 15. g3 Qh5 16. Qxc3 Nxe5 17. Be2 Ng6 18. Bb2 Bd7 19. f4 Qf5 20. Bd3 Qg4 21. Rf1 Rg8 22. Nd4 Rc8 23. Qb4 e5 24. Nb5 Kd8 25. Nd6 Rb8 26. Nxf7+ Ke8 27. Nd6+ Kd8 28. Be2 Qh3 29. O-O-O d4 30. fxe5 Nxe5 31. Nf7+ Nxf7 32. Rxf7 Qe6 33. Bc4 Qe3+ 34. Kb1 Rc8 35. Qd6 Rc7 36. Bb5 Qe8 37. Rxd7+ Rxd7 38. Qb8+ Ke7 39. Re1+ Kf7 40. Rxe8 Rxe8 41. Qf4+ Kg8 42. Bxd7 1-0


[Site "https://www.chess.com"]

[Event "Titled Tuesday Blitz November 07 Early 2023"]
[White "Iskusnyh, Sergei"]
[Black "Yeremyan_ChessMate"]
[WhiteFideId "4120027"]
[WhiteElo "2545"]
[BlackElo "2781"]
[Result "0-1"]
[Round "5"]
[TimeControl "180+1"]
[Date "2023.11.07"]
[WhiteClock "0:00:00"]
[BlackClock "0:00:07"]
[Board "73"]

1. d4 Nf6 2. c4 g6 3. g3 Bg7 4. Bg2 O-O 5. Nc3 c6 6. e4 d5 7. e5 Ne4 8. cxd5 cxd5 9. Nge2 Nc6 10. O-O Nxc3 11. bxc3 b6 12. Nf4 e6 13. Qa4 Bb7 14. h4 Rc8 15. h5 Na5 16. hxg6 hxg6 17. Qc2 Qc7 18. Bd2 Nc4 19. Be1 b5 20. Bh3 Bh6 21. Nxe6 fxe6 22. Qxg6+ Qg7 23. Bxe6+ Kh8 24. Qh5 Rce8 25. Bh3 Kg8 26. a4 bxa4 27. Rxa4 a5 28. Ra2 Bc6 29. Bg2 a4 30. Rxa4 Ne3 31. fxe3 Rxf1+ 32. Kxf1 Bxa4 33. Bxd5+ Kh8 34. Kg2 Rf8 35. c4 Be8 36. Qh4 Bg6 37. c5 Bh7 38. Bf3 Qf7 39. Qg4 Bf5 40. Qh5 Kg7 41. d5 Qxh5 42. Bxh5 Be4+ 43. Kh3 Bxd5 44. Bc3 Be6+ 45. Kg2 Bxe3 46. c6 Bd5+ 47. Kh3 Kh6 48. Bg4 Bxc6 49. e6 Bc5 50. Bf5 Rxf5 0-1


[Site "https://www.chess.com"]

[Event "Titled Tuesday Blitz November 07 Early 2023"]
[White "Tikhonov, Viacheslav"]
[Black "Socko, Bartosz"]
[WhiteFideId "44196407"]
[BlackFideId "1107038"]
[WhiteElo "2536"]
[BlackElo "2779"]
[Result "1-0"]
[Round "5"]
[TimeControl "180+1"]
[Date "2023.11.07"]
[WhiteClock "0:00:22"]
[BlackClock "0:00:40"]
[Board "74"]

1. d4 Nf6 2. c4 g6 3. Nc3 Bg7 4. e4 O-O 5. Be2 d6 6. h4 h5 7. Bg5 c5 8. d5 b5 9. cxb5 a6 10. a4 Qa5 11. Bd2 axb5 12. Nxb5 Qb6 13. Qc2 Ba6 14. Ra3 Nbd7 15. Nf3 Ng4 16. Bc3 Bxb5 17. Bxb5 Bxc3+ 18. Qxc3 Ndf6 19. Nd2 Rfc8 20. O-O Ne5 21. Nc4 Nxc4 22. Qxc4 Qa5 23. Re3 Ng4 24. Rg3 Ne5 25. Qe2 c4 26. Qxh5 Qd2 27. f4 Qd4+ 28. Kh1 Nd3 29. f5 Qe5 30. Rg5 Qh8 31. fxg6 f6 32. Qxh8+ Kxh8 33. Rh5+ Kg7 34. Rh7+ Kxg6 35. Rxe7 Nxb2 36. Bd7 c3 37. Bf5+ 1-0


[Site "https://www.chess.com"]

[Event "Titled Tuesday Blitz November 07 Early 2023"]
[White "Samunenkov, Ihor"]
[Black "Shukhman, Anna"]
[WhiteFideId "14187086"]
[BlackFideId "54180058"]
[WhiteElo "2765"]
[BlackElo "2538"]
[Result "1-0"]
[Round "5"]
[TimeControl "180+1"]
[Date "2023.11.07"]
[WhiteClock "0:00:19"]
[BlackClock "0:00:14"]
[Board "75"]

1. d4 Nf6 2. c4 e6 3. Nc3 Bb4 4. e3 O-O 5. Bd2 b6 6. Nf3 Bb7 7. Bd3 c5 8. a3 Bxc3 9. Bxc3 Ne4 10. Bxe4 Bxe4 11. dxc5 bxc5 12. Qd6 Nc6 13. Qxc5 Bxf3 14. gxf3 Rc8 15. Rg1 f6 16. Qh5 Ne7 17. Qg4 Ng6 18. Rd1 Qe7 19. Bb4 Qf7 20. Bxf8 Rxf8 21. f4 Rc8 22. b3 f5 23. Qg5 Rb8 24. Rd3 e5 25. h4 e4 26. Rc3 Nf8 27. b4 Ne6 28. Qg2 a5 29. b5 Nc5 30. Qf1 d5 31. cxd5 Qxd5 32. Qc4 Qxc4 33. Rxc4 Rxb5 34. Kf1 Kf7 35. a4 Rb1+ 36. Kg2 Rxg1+ 37. Kxg1 Nb3 38. Rc3 Nd2 39. Rc5 Nb3 40. Rxf5+ Ke6 41. Rb5 Nd2 42. Rxa5 Nf3+ 43. Kh1 Nxh4 44. Rb5 Nf3 45. a5 Kd6 46. a6 1-0


[Site "https://www.chess.com"]

[Event "Titled Tuesday Blitz November 07 Early 2023"]
[White "Goltsev, Dmitry"]
[Black "Ronka, Erik"]
[WhiteFideId "24176710"]
[BlackFideId "505080"]
[WhiteElo "2754"]
[BlackElo "2530"]
[Result "1-0"]
[Round "5"]
[TimeControl "180+1"]
[Date "2023.11.07"]
[WhiteClock "0:00:10"]
[BlackClock "0:00:05"]
[Board "76"]

1. e4 c5 2. Nf3 e6 3. d4 cxd4 4. Nxd4 Nf6 5. Nc3 d6 6. Be2 Nc6 7. O-O Be7 8. Be3 O-O 9. f4 e5 10. fxe5 dxe5 11. Nf5 Bxf5 12. Rxf5 Qxd1+ 13. Rxd1 g6 14. Rff1 Rfd8 15. Bc4 Kg7 16. Nd5 Nxd5 17. exd5 Nd4 18. d6 Bf6 19. c3 Nf5 20. Bf2 Nxd6 21. Bd5 Rd7 22. Bc5 Rad8 23. Bb3 b6 24. Be3 Nf5 25. Rxd7 Rxd7 26. Bc1 h5 27. a4 Ne7 28. Bc4 Rc7 29. b3 Nf5 30. h3 Nd6 31. Bd5 Rxc3 32. Bh6+ Kxh6 33. Rxf6 Nf5 34. Rxf7 Ne3 35. Be4 Rxb3 36. Rf6 Kg7 37. Rxg6+ Kf8 38. Rh6 Ra3 39. Bc6 Nc4 40. Rxh5 Nb2 41. Rxe5 Nxa4 42. h4 Nc5 43. h5 Kg7 44. Bf3 Rd3 45. Re7+ Kh6 46. Rxa7 Ne6 47. Ra6 Rb3 48. Bd5 Rb1+ 49. Kh2 Nf4 50. Be4 Nxh5 51. Bxb1 Kg5 52. Rxb6 Nf4 53. g3 Ne2 54. Rg6+ Kh5 55. g4+ Kh4 56. Bf5 Nf4 57. Rh6+ Kg5 58. Rh8 Nd3 59. Kg3 Ne5 60. Re8 Nf7 61. Re6 Nh6 62. Rg6# 1-0


[Site "https://www.chess.com"]

[Event "Titled Tuesday Blitz November 07 Early 2023"]
[White "McBryde, Lamel"]
[Black "Orozbaev, Eldiar"]
[WhiteFideId "2058596"]
[BlackFideId "13802240"]
[WhiteElo "2466"]
[BlackElo "2729"]
[Result "0-1"]
[Round "5"]
[TimeControl "180+1"]
[Date "2023.11.07"]
[WhiteClock "0:00:00"]
[BlackClock "0:00:07"]
[Board "77"]

1. Nf3 d5 2. e3 c5 3. b3 Nc6 4. Bb2 Nf6 5. d4 e6 6. a3 Bd6 7. Bd3 O-O 8. Nbd2 Qe7 9. Ne5 Bxe5 10. dxe5 Nd7 11. f4 f5 12. Nf3 a6 13. c4 Nb6 14. Qc2 Bd7 15. g4 g6 16. Rg1 Rad8 17. gxf5 exf5 18. O-O-O Be6 19. Ng5 dxc4 20. bxc4 Rd7 21. h4 Na5 22. h5 Nbxc4 23. hxg6 hxg6 24. Nxe6 Qxe6 25. Bxc4 Rxd1+ 26. Rxd1 Nxc4 27. Qb3 b5 28. Rd6 Qf7 29. e6 Qh7 30. Qc3 Re8 31. e7 Qh1+ 32. Kc2 Qh2+ 33. Kb3 Qxb2+ 34. Qxb2 Nxb2 35. Rd8 Kf7 36. Rxe8 Kxe8 37. Kxb2 Kxe7 38. Kc3 Kd6 39. Kd3 Kd5 0-1


[Site "https://www.chess.com"]

[Event "Titled Tuesday Blitz November 07 Early 2023"]
[White "Shishkov, Andrei"]
[Black "Perez Gormaz, Matias"]
[WhiteFideId "4500563"]
[BlackFideId "3406342"]
[WhiteElo "2458"]
[BlackElo "2724"]
[Result "0-1"]
[Round "5"]
[TimeControl "180+1"]
[Date "2023.11.07"]
[WhiteClock "0:00:00"]
[BlackClock "0:00:06"]
[Board "78"]

1. d4 Nf6 2. c4 e6 3. Nc3 Bb4 4. Qc2 c5 5. dxc5 Qc7 6. a3 Bxc5 7. b4 Be7 8. Nb5 Qc6 9. Nf3 d6 10. Bb2 a6 11. Nbd4 Qc7 12. g4 b6 13. g5 Nfd7 14. Nxe6 fxe6 15. Bxg7 Rf8 16. Bxf8 Nxf8 17. Bg2 Bb7 18. O-O Nbd7 19. h4 O-O-O 20. Rac1 Ng6 21. e3 Rf8 22. Nd4 Bxg2 23. Nxe6 Qc6 24. Nxf8 Bh3 25. e4 Ndxf8 26. Rfe1 Nxh4 27. Qd3 Bg4 28. Qg3 Nf3+ 29. Kh1 Ne5 30. f4 Nfg6 31. fxe5 Nxe5 32. Rf1 Qxe4+ 33. Kh2 Bxg5 34. Rce1 Qg6 35. Rxe5 Qh5+ 36. Kg1 dxe5 37. Qxe5 Bd8 38. Qxh5 Bxh5 39. Rf5 Bg6 40. Re5 Bc7 41. Re6 Kd7 42. Rf6 Bd6 0-1


[Site "https://www.chess.com"]

[Event "Titled Tuesday Blitz November 07 Early 2023"]
[White "krucki03"]
[Black "Halkias, Stelios"]
[BlackFideId "4201809"]
[WhiteElo "2457"]
[BlackElo "2714"]
[Result "0-1"]
[Round "5"]
[TimeControl "180+1"]
[Date "2023.11.07"]
[WhiteClock "0:00:05"]
[BlackClock "0:00:13"]
[Board "79"]

1. e4 c5 2. Nf3 d6 3. d4 cxd4 4. Nxd4 Nf6 5. Nc3 a6 6. Qf3 e6 7. g4 Qc7 8. Be3 Nfd7 9. g5 Nc6 10. Be2 Be7 11. Qh3 Nxd4 12. Bxd4 O-O 13. Bd3 Ne5 14. f4 Nxd3+ 15. Qxd3 b5 16. O-O-O b4 17. Ne2 e5 18. Be3 Be6 19. b3 exf4 20. Nxf4 Rfc8 21. Nd5 Bxd5 22. exd5 a5 23. Kb1 a4 24. Bd4 Qa5 25. h4 Qxd5 26. Rhe1 Bf8 27. Bb2 Qa5 28. h5 axb3 29. axb3 Qxg5 30. Rg1 Qxh5 31. Qd4 Rc3 32. Bxc3 bxc3 33. Qxc3 g6 34. Qc6 Qa5 35. Qa4 Qd8 36. Qc6 Bg7 37. Qxd6 Ra1# 0-1


[Site "https://www.chess.com"]

[Event "Titled Tuesday Blitz November 07 Early 2023"]
[White "Kostiukov, Alexandr"]
[Black "Wagner, Dennis"]
[WhiteFideId "14108100"]
[BlackFideId "24650684"]
[WhiteElo "2451"]
[BlackElo "2714"]
[Result "0-1"]
[Round "5"]
[TimeControl "180+1"]
[Date "2023.11.07"]
[WhiteClock "0:00:00"]
[BlackClock "0:01:18"]
[Board "80"]

1. g3 g6 2. Bg2 Bg7 3. Nf3 c5 4. c4 Nc6 5. O-O d6 6. Nc3 e5 7. d3 Nge7 8. Ne1 Be6 9. Nc2 d5 10. cxd5 Nxd5 11. Ne3 Nb6 12. Na4 Nd7 13. Bd2 Rc8 14. Nc3 O-O 15. Nc4 Nb6 16. b3 Rc7 17. Ne4 Nd4 18. Ng5 Bd5 19. Ne4 h6 20. Rc1 f5 21. Nc3 Bxg2 22. Kxg2 Nd5 23. e3 Nxc3 24. Bxc3 Qd5+ 25. f3 Nc6 26. Qe2 Rd7 27. Rfd1 b5 28. Na5 Nxa5 29. Bxa5 b4 30. Rc4 Rf6 31. a3 bxa3 32. Qa2 Ra6 33. Ra4 e4 34. fxe4 fxe4 35. Qxa3 exd3+ 0-1


[Site "https://www.chess.com"]

[Event "Titled Tuesday Blitz November 07 Early 2023"]
[White "Shuvalov, Evgenij"]
[Black "Nasuta, Grzegorz"]
[WhiteFideId "4187237"]
[BlackFideId "1141686"]
[WhiteElo "2449"]
[BlackElo "2691"]
[Result "1-0"]
[Round "5"]
[TimeControl "180+1"]
[Date "2023.11.07"]
[WhiteClock "0:00:06"]
[BlackClock "0:00:02"]
[Board "81"]

1. d4 d5 2. c4 e6 3. Nf3 c6 4. e3 Bd6 5. Nc3 f5 6. Bd3 Nf6 7. O-O Ne4 8. Ne2 O-O 9. b3 Nd7 10. Bb2 Qf6 11. Bc2 g5 12. Ne1 g4 13. Nf4 Qh6 14. Ned3 b6 15. a4 Ba6 16. Ba3 dxc4 17. bxc4 Bxa3 18. Rxa3 Bxc4 19. Bb3 Bd5 20. a5 Qf6 21. Qa1 b5 22. Bxd5 exd5 23. Rc1 Rac8 24. Nb4 Nd2 25. Rxc6 Rxc6 26. Nfxd5 Qd6 27. Nxc6 Kg7 28. Ncb4 Nc4 29. Rc3 Nf6 30. Nxf6 Qxb4 31. Nd5 Qd6 32. Nf4 Rb8 33. Qb1 Nxa5 34. Qxf5 Nc4 35. Qxg4+ Kh8 36. h4 Qe7 37. h5 a5 38. h6 a4 39. Qf5 a3 40. Rc2 Rf8 41. Qxb5 Nd6 42. Qb4 Ra8 43. Ra2 Qb7 44. Qxd6 Qb1+ 45. Kh2 Qxa2 46. Qf6+ Kg8 47. Qg7# 1-0


[Site "https://www.chess.com"]

[Event "Titled Tuesday Blitz November 07 Early 2023"]
[White "Tsotsonava, Elene"]
[Black "Adla, Diego"]
[WhiteFideId "13615939"]
[BlackFideId "100072"]
[WhiteElo "2397"]
[BlackElo "2671"]
[Result "1-0"]
[Round "5"]
[TimeControl "180+1"]
[Date "2023.11.07"]
[WhiteClock "0:00:16"]
[BlackClock "0:00:02"]
[Board "82"]

1. e4 e5 2. Nf3 Nc6 3. Nc3 Nf6 4. a3 d5 5. Bb5 Nxe4 6. Nxe5 Qg5 7. Nxc6 Qxg2 8. Qf3 Qxf3 9. Nd4+ c6 10. Bxc6+ bxc6 11. Nxf3 Bd6 12. d3 Nxc3 13. bxc3 O-O 14. Be3 c5 15. Kd2 Rb8 16. Rhg1 f6 17. Bh6 Rb7 18. Rae1 Bf5 19. h4 Bg6 20. Be3 Re8 21. Rb1 Reb8 22. Rxb7 Rxb7 23. Kc1 Kf7 24. Nd2 Ke6 25. Nb3 Rc7 26. c4 d4 27. Bd2 Re7 28. c3 Bxd3 29. cxd4 Bxc4 30. Nxc5+ Kd5 31. Be3 f5 32. Rg5 g6 33. h5 Kc6 34. hxg6 hxg6 35. Rxg6 f4 36. Bxf4 Kb5 37. Bxd6 Re2 38. Bg3 Ra2 39. Ne4 Rxa3 40. Nd6+ Kb4 41. Nxc4 Kxc4 42. Kd2 Rd3+ 43. Ke2 Rxd4 44. Rc6+ Kb5 45. Rc7 a5 46. f4 a4 47. Rb7+ Kc4 48. f5 a3 49. Ra7 Kb3 50. Ke3 Ra4 51. Rxa4 Kxa4 52. Be5 Kb5 53. f6 Kc6 54. f7 Kd7 55. f8=Q 1-0


[Site "https://www.chess.com"]

[Event "Titled Tuesday Blitz November 07 Early 2023"]
[White "Samarth J Rao"]
[Black "Shuvalova, Polina"]
[WhiteFideId "46652370"]
[BlackFideId "24171760"]
[WhiteElo "2067"]
[BlackElo "2669"]
[Result "1-0"]
[Round "5"]
[TimeControl "180+1"]
[Date "2023.11.07"]
[WhiteClock "0:00:21"]
[BlackClock "0:00:18"]
[Board "83"]

1. e4 c6 2. d4 d5 3. Nc3 dxe4 4. Nxe4 Nf6 5. Nxf6+ exf6 6. c3 Bd6 7. Bd3 O-O 8. Qc2 Re8+ 9. Ne2 h5 10. Be3 Nd7 11. O-O-O Nf8 12. Kb1 Be6 13. c4 Rc8 14. h3 b5 15. c5 Bc7 16. g4 h4 17. Rhg1 Ng6 18. Bc1 b4 19. f4 Qd5 20. b3 Bd7 21. f5 Ne7 22. Be4 Bxf5 23. gxf5 Qd7 24. Bh6 Kh7 25. Rxg7+ Kxh6 26. Rdg1 Ng6 27. R1xg6+ fxg6 28. Rxd7 g5 29. Rf7 Rf8 30. Rxf8 Rxf8 31. Bxc6 Rd8 32. d5 Be5 33. d6 Rc8 34. Bd7 Rd8 35. Be6 Kg7 36. c6 Bxd6 37. c7 Bxc7 38. Qxc7+ Kh6 39. Qxd8 1-0


[Site "https://www.chess.com"]

[Event "Titled Tuesday Blitz November 07 Early 2023"]
[White "Thomforde-Toates, Noah"]
[Black "Perez Cruz, Adianet"]
[WhiteFideId "30951992"]
[BlackFideId "3510115"]
[WhiteElo "2644"]
[BlackElo "1975"]
[Result "1-0"]
[Round "5"]
[TimeControl "180+1"]
[Date "2023.11.07"]
[WhiteClock "0:01:18"]
[BlackClock "0:01:01"]
[Board "84"]

1. e4 c6 2. Bc4 d5 3. Bb3 Nf6 4. e5 Ne4 5. Nc3 Bf5 6. Nge2 e6 7. Ng3 Nxg3 8. hxg3 Nd7 9. d4 a6 10. g4 Bg6 11. Ne2 c5 12. c3 cxd4 13. cxd4 Bb4+ 14. Bd2 Qa5 15. Bxb4 Qxb4+ 16. Qd2 Qxd2+ 17. Kxd2 Rc8 18. Rac1 O-O 19. Ng3 Nb6 20. f4 Be4 21. Nxe4 dxe4 22. Rc3 Rfd8 23. Ke3 Nd5+ 24. Bxd5 exd5 25. Rhc1 Rxc3+ 26. Rxc3 g6 27. Rc7 b5 28. Rc6 a5 29. Rc5 b4 30. Rxa5 Rc8 31. Rxd5 Rc2 32. Rd8+ Kg7 33. f5 gxf5 34. gxf5 Rxg2 35. f6+ Kh6 36. Kxe4 Rxb2 37. Kd5 Kg6 38. Rg8+ Kf5 39. Rg7 Rxa2 40. Rxf7 b3 41. Rb7 Rb2 42. f7 1-0


[Site "https://www.chess.com"]

[Event "Titled Tuesday Blitz November 07 Early 2023"]
[White "ChainedDowntohell"]
[Black "Galchenko, Matvey"]
[BlackFideId "24175480"]
[WhiteElo "2504"]
[BlackElo "2936"]
[Result "0-1"]
[Round "5"]
[TimeControl "180+1"]
[Date "2023.11.07"]
[WhiteClock "0:00:00"]
[BlackClock "0:00:04"]
[Board "85"]

1. d4 d5 2. c4 e6 3. Nf3 c6 4. cxd5 exd5 5. Qc2 Bd6 6. Nc3 Ne7 7. Bg5 f6 8. Bd2 Bf5 9. e4 dxe4 10. Nxe4 Bc7 11. Bc4 Nd7 12. O-O Nb6 13. Rfe1 Nxc4 14. Qxc4 Qd5 15. Qxd5 cxd5 16. Ng3 Bxg3 17. Bb4 Bxf2+ 18. Kxf2 Be4 19. Rac1 Nc6 20. Bc5 Kd7 21. Nd2 Bg6 22. Re3 Rhe8 23. Rce1 Rxe3 24. Rxe3 Rc8 25. Ba3 Re8 26. Rxe8 Kxe8 27. Ke3 Kd7 28. Bf8 Ne7 29. g4 f5 30. h3 fxg4 31. hxg4 h5 32. Bxg7 hxg4 33. Kf4 Bf5 34. Nf1 Be6 35. Ne3 Ng6+ 36. Kg5 Ne7 37. Nxg4 Bxg4 38. Kxg4 Nc6 39. Kf4 Ke6 40. Ke3 Kf5 41. Bf8 a6 42. Bc5 Nd8 43. Bd6 Ne6 44. Be5 Nd8 45. Bd6 Ke6 46. Bc7 Nc6 47. Bg3 Nb4 48. a3 Nc6 49. Be1 Kf5 50. Bd2 Nd8 51. Be1 Ne6 52. Bg3 Ng5 53. Bb8 Ne4 54. Bc7 Nf6 55. Bb8 Nd7 56. Bd6 Ke6 57. Bh2 Nb6 58. Kd3 Nc4 59. Kc3 Kf5 60. a4 Ke4 61. b3 Na5 62. Bd6 Nc6 63. Bc5 Kf5 64. Kd3 Kf4 65. Bd6+ Kf3 66. Bc7 Kg4 67. Bd6 Kf5 68. Bc5 Ke6 69. Kc3 Kd7 70. Kd3 Nd8 71. Bb6 Ne6 72. Ba5 Kc6 73. Bd2 Ng7 74. Be3 Nf5 75. Bd2 Nd6 76. Be3 Ne4 77. Bg1 Kd7 78. Be3 Nf6 79. Bf4 Ne8 80. Be5 Kc6 81. Bg3 Nf6 82. Be5 Nd7 83. Bf4 Nb6 84. Kc3 Kd7 85. Kd3 Nc8 86. Be5 Na7 87. Bg3 Nc6 88. Bf2 Ke6 89. Bg3 Kf5 90. Bh4 Kf4 91. Bf6 Kf3 92. Bg7 Nb4+ 93. Kc3 Nc6 94. Kd3 Na5 95. Kc3 Ke4 96. Bf6 Nc6 97. Bg7 Ne7 98. Bf6 Nf5 99. Bh8 Ng3 100. Kb4 Ne2 101. Kc5 b5 102. axb5 axb5 103. Kxb5 Nxd4+ 104. Ka4 Nc6 105. b4 Ne5 106. b5 d4 0-1


[Site "https://www.chess.com"]

[Event "Titled Tuesday Blitz November 07 Early 2023"]
[White "Minko, Dmitry"]
[Black "Ashraf, Artin"]
[WhiteFideId "24188468"]
[BlackFideId "22514805"]
[WhiteElo "2499"]
[BlackElo "2876"]
[Result "0-1"]
[Round "5"]
[TimeControl "180+1"]
[Date "2023.11.07"]
[WhiteClock "0:00:00"]
[BlackClock "0:00:53"]
[Board "86"]

1. e4 c5 2. Nf3 d6 3. d4 cxd4 4. Nxd4 Nf6 5. Nc3 a6 6. f3 g6 7. Be3 Bg7 8. Qd2 h5 9. O-O-O b5 10. Kb1 Bb7 11. h4 Nbd7 12. g3 Qc7 13. Rh2 Ne5 14. Bf4 Ned7 15. Re2 O-O 16. Be3 Nb6 17. Rh2 b4 18. Nce2 Nc4 19. Qc1 a5 20. Bh6 a4 21. Bxg7 Kxg7 22. Nb5 Qc5 23. Ned4 Nb6 24. g4 hxg4 25. h5 g3 26. hxg6 gxh2 27. Nf5+ Qxf5 28. exf5 h1=Q 29. gxf7 Bxf3 30. Be2 Qh5 31. Rg1+ Kxf7 32. Qe3 Qxf5 33. Bxf3 Qxb5 0-1


[Site "https://www.chess.com"]